 Dungeon Crawl Stone Soup version 0.26-a0-682-g294304f6e8 (webtiles) character file.

Game seed: 10598821366713098872

69 Decritt the Gusty (level 4, 0/24 HPs)
             Began as a Tengu Air Elementalist on Oct 21, 2020.
             Succumbed to an adder's poison
             ... on level 1 of the Dungeon.
             The game lasted 00:06:50 (2943 turns).

Decritt the Gusty (Tengu Air Elementalist)          Turns: 2943, Time: 00:06:51

Health: 0/24       AC:  3    Str:  8    XL:     4   Next: 20%
Magic:  5/9        EV: 15    Int: 16    God:
Gold:   137        SH:  0    Dex: 15    Spells: 6/9 levels left

rFire    . . .     SeeInvis .   b - +3 dagger (pain)
rCold    . . .     Faith    .   (no shield)
rNeg     . . .     Spirit   .   a - +0 robe
rPois    .         Reflect  .   (helmet restricted)
rElec    .         Harm     .   j - +0 cloak
rCorr    .         Rampage  .   (no gloves)
MR       .....                  (boots unavailable)
Stlth    ++........             (no amulet)
HPRegen  0.08/turn              (no ring)
MPRegen  0.11/turn              (no ring)

@: lethally poisoned (0 -> -7), flying quickly and evasively, quick
A: beak, talons 3
a: no special abilities


You were on level 1 of the Dungeon.
You visited 1 branch of the dungeon, and saw 3 of its levels.

You collected 137 gold pieces.

Inventory:

Hand Weapons
 b - a +3 dagger of pain (weapon)
Armour
 a - a +0 robe (worn)
 j - a +0 cloak (worn)
Scrolls
 e - a scroll of blinking {unknown}
 h - 2 scrolls of identify {unknown}
 i - a scroll of magic mapping {unknown}
Potions
 c - a potion of flight
 d - a potion of heal wounds {unknown}
 f - a potion of degeneration {unknown}
 g - a potion of berserk rage {unknown}
 k - a potion of curing {unknown}


   Skills:
 * Level 2.2 Dodging
 - Level 2.0 Stealth
 + Level 3.1 Spellcasting
 + Level 2.6 Conjurations
 * Level 4.7 Air Magic


You had 6 spell levels left.
You knew the following spells:

 Your Spells              Type           Power        Failure   Level
a - Shock                 Conj/Air       ##..         4%          1
b - Swiftness             Air            ###.....     4%          2

Your spell library contained the following spells:

 Spells                   Type           Power        Failure   Level
 Static Discharge         Conj/Air       ##......     12%         3
 Airstrike                Air            ###.......   26%         4
 Lightning Bolt           Conj/Air       ##........   73%         5


Dungeon Overview and Level Annotations

Branches:
Dungeon (3/15)

Altars:
Gozag
Zin
The Shining One


Innate Abilities, Weirdness & Mutations

You have a beak for a mouth.
You have claws for feet.


Message History

There is a stone staircase leading up here.
The adder misses you. x2
You climb upwards.
There is a stone staircase leading down here.
You feel sick. The goblin closely misses you.
The adder bites you but does no damage. The goblin closely misses you.
The adder closely misses you.
You feel sick. The adder bites you but does no damage.
You feel sick. The adder bites you.
* * * LOW HITPOINT WARNING * * *
You are lethally poisoned!
The adder poisons you! The adder bites you.
* * * LOW HITPOINT WARNING * * *
It was a potion of flight.
You feel very buoyant.
You swoop lightly up into the air.
You die...

##..........##........#....
###........####....#......
#........####..........>
#>.......##......###.)..
######.###..#....##.....
###.##..##.......####
#...g..###....####
##..S...#......#
##....@.........#
#.........##....#
##........######.#
#..#.....## #.# ####.....#
### #.....# #.....# #.....#
#######


You could see an adder and a goblin.

Vanquished Creatures
  An adder (D:2)
  An ooze (D:1)
  A worm (D:2)
  A dart slug (D:1)
  2 leopard geckos
  4 giant cockroaches
  5 goblins
  3 hobgoblins
  5 jackals
  8 kobolds
  A ball python (D:2)
  5 bats
  3 frilled lizards
  5 rats
45 creatures vanquished.

Notes
Turn   | Place    | Note
-------+----------+-------------------------------------------
     0 | D:1      | Decritt the Tengu Air Elementalist began the quest for the
                  | Orb.
     0 | D:1      | Reached XP level 1. HP: 10/10 MP: 4/4
     6 | D:1      | Noticed a killer bee
     6 | D:1      | Noticed a komodo dragon
     6 | D:1      | Noticed a wyvern
     6 | D:1      | Noticed a black mamba
   222 | D:1      | Found a glowing golden altar of the Shining One.
   236 | D:1      | Reached XP level 2. HP: 10/15 MP: 1/6
   547 | D:1      | Reached XP level 3. HP: 17/19 MP: 7/7
  2168 | D:2      | Found an opulent altar of Gozag.
  2169 | D:2      | Found a glowing silver altar of Zin.
  2207 | D:2      | Reached XP level 4. HP: 24/24 MP: 7/9
  2275 | D:2      | Learned a level 2 spell: Swiftness
  2942 | D:1      | HP: 1/24 [adder (3)]
  2943 | D:1      | Succumbed to an adder's poison

Illustrated notes

Levels and vault maps discovered:
D:1:      onia_arrival_zoo_common, layout_rooms, tso_metal_star
D:2:      layout_loops_corners, grunt_temple_overflow_gold_and_silver
D:3:      layout_rooms, nicolae_overflow_crystal_walls, led_sif_pool,
          trog_eyes_of_draining, gammafunk_ghost_split,
          hangedman_abyss_or_decor_stabs

Skill      XL: |  1  2  3 |
---------------+----------+-----
Conjurations   | 2 |  2.6
Spellcasting   | 3 |  3.1
Dodging        | |  2.2
Stealth        | |  2.0
Air Magic      | |  4.7

Action                   |  1- 3 |  4- 6 || total
-------------------------+-------+-------++-------
Melee: Dagger            |    56 |       ||    56
       Kick              |    10 |       ||    10
       Peck              |     4 |       ||     4
 Cast: Shock             |    43 |    25 ||    68
  Use: Scroll            |     1 |     1 ||     2
       Potion            |       |     1 ||     1
 Stab: Sleeping          |     1 |       ||     1
Armor: Robe              |    15 |     2 ||    17
Dodge: Dodged            |    57 |    11 ||    68
Block: Buckler           |    12 |       ||    12

Table legend: (Time is in decaauts)
 A = Elapsed time spent in this place.
 B = Non-inter-level travel time spent in this place.
 C = Inter-level travel time spent in this place.
 D = Time resting spent in this place.
 E = Time spent auto-exploring this place.
 F = Levels seen in this place.
 G = Mean time per level.
                   A        B        C        D        E       F      G
               +--------+--------+--------+--------+--------+-----+--------+
         Total |   2943 |   2884 |     59 |    319 |   2255 |   3 |  981.0 |
       Dungeon |   2943 |   2884 |     59 |    319 |   2255 |   3 |  981.0 |
               +--------+--------+--------+--------+--------+-----+--------+

Top non-repeatable levels by time:
     D:1: 1591 daAuts
     D:2: 1247 daAuts
     D:3: 104 daAuts
